 Dungeon Crawl Stone Soup version 0.29-a0-389-gd8082fcd2d (webtiles) character file.

Game seed: 8251914286047952972

362 Bruhh the Firebug (level 6, 0/41 HPs)
             Began as a Demonspawn Fire Elementalist on May 8, 2022.
             Slain by a kobold brigand
             ... wielding a +0 club
              (8 damage)
             ... in a sewer.
             The game lasted 00:05:56 (4003 turns).

Bruhh the Firebug (Demonspawn Fire Elementalist)    Turns: 4003, Time: 00:05:57

Health: 0/41       AC:  2    Str: 12    XL:     6   Next: 39%
Magic:  8/12       EV: 14    Int: 19    God:
Gold:   84         SH:  0    Dex: 13    Spells: 10/13 levels left

rFire   + . .      SeeInvis .   i - +1 mace "Xyegefu" {elec, rPois rF+ Str+4}
rCold   . . .      Faith    .   (no shield)
rNeg    . . .      Spirit   .   a - +0 robe
rPois   +          Reflect  .   (no helmet)
rElec   .          Harm     .   (no cloak)
rCorr   .          Rampage  .   (no gloves)
Will    .....                   (no boots)
Stlth   +.........              (no amulet)
HPRegen 0.13/turn               (no ring)
MPRegen 0.13/turn               (no ring)

@: very slow
A: repulsion field 1, demonic guardian 1
a: no special abilities


You were in a sewer.
You visited 1 branch of the dungeon, and saw 3 of its levels.
You also visited: Sewer.

You collected 84 gold pieces.

Inventory:

Hand Weapons
 f - a +0 mace
 i - the +1 mace "Xyegefu" (weapon) {elec, rPois rF+ Str+4}
   (You found it on level 2 of the Dungeon)

   It occasionally discharges a powerful burst of electricity upon striking a
   foe.
   Str:       It affects your strength (+4).
   rF:        It protects you from fire.
   rPois:     It protects you from poison.
Armour
 a - a +0 robe (worn)
Wands
 o - a wand of digging (3)
Scrolls
 c - 2 scrolls of immolation {unknown}
 d - a scroll of brand weapon {unknown}
 g - a scroll of vulnerability {unknown}
 h - a scroll of fog {unknown}
 j - a scroll of summoning {unknown}
 l - a scroll of torment {unknown}
 m - a scroll of blinking {unknown}
 n - a scroll of enchant armour {unknown}
Potions
 b - 2 potions of brilliance
 e - a potion of invisibility {unknown}
 k - a potion of flight {unknown}
 p - a potion of mutation {unknown}


   Skills:
 - Level 1.7 Dodging
 - Level 1.7 Stealth
 - Level 4.0 Spellcasting
 + Level 3.0 Conjurations
 + Level 4.8 Fire Magic


You had 10 spell levels left.
You knew the following spells:

 Your Spells              Type           Power      Damage    Failure   Level
a - Foxfire               Conj/Fire      72%        2x1d7     2%          1
b - Scorch                Fire           44%        2d7       2%          2

Your spell library contained the following spells:

 Spells                   Type           Power      Damage    Failure   Level
 Conjure Flame            Conj/Fire      18%        6-21      9%          3
 Freeze                   Ice            12%        1d4       14%         1
 Inner Flame              Hex/Fire       13%        N/A       16%         3
 Flame Wave               Conj/Fire      18%        2d6       26%         4
 Frozen Ramparts          Ice            6%         1d2       38%         3
 Hailstorm                Conj/Ice       9%         3d4       58%         4


Dungeon Overview and Level Annotations

Branches:
Dungeon (3/15)              Sewer (1/1)

Altars:

Shops:
D:1 :


Innate Abilities, Weirdness & Mutations

You are surrounded by a mild repulsion field. (EV +2)
A weak demonic guardian rushes to your aid.


Message History

A kobold comes into view.
It is wielding a +0 dagger and quivering poisoned darts.
The kobold brigand moves out of view.
You enter the shallow water.
Moving in this stuff is going to be slow.
You closely miss the jackal.
The jackal bites you but does no damage. x2
Your unstable footing causes you to fumble your attack.
The jackal barely misses you. The jackal completely misses you.
Your unstable footing causes you to fumble your attack.
The jackal bites you. The jackal closely misses you.
You hit the jackal.
The jackal is heavily wounded.
The jackal splashes around in the water. x2
You sock the jackal!
You kill the jackal!
The kobold brigand hits you with a +0 club.
The kobold brigand closely misses you.
You see here a jackal corpse.
Flames lash the kobold.
You kill the kobold!
You hear a splash. x2
The kobold brigand hits you with a +0 club!
Flames lash the kobold brigand.
The kobold brigand is lightly wounded.
The kobold brigand's fire resistance burns away.
The kobold brigand is engulfed in a cloud of scalding steam.
The kobold brigand hits you with a +0 club!
You are too injured to fight recklessly!
You are too injured to fight recklessly!
Your unstable footing causes you to fumble your attack.
The kobold brigand hits you with a +0 club!
* * * LOW HITPOINT WARNING * * *
Your unstable footing causes you to fumble your attack.
The kobold shouts!
You hear a shout!
The kobold brigand is no longer more vulnerable to fire.
The kobold brigand hits you with a +0 club.
* * * LOW HITPOINT WARNING * * *
A demonic guardian appears!
The kobold brigand hits you with a +0 club!
You die...

#≈# #≈# #≈# #≈# #≈# #≈# #≈#
#5# #@# #K# #K# #≈#
##K#########
#######.≈≈.≈K≈K..#
#######.....≈≈≈≈.h≈≈≈≈.#
#≈≈≈≈≈≈≈≈≈≈≈≈≈≈≈≈≈≈≈≈≈K#
#≈≈≈≈≈≈≈≈≈≈≈≈≈≈≈≈≈≈≈≈≈≈...K


You could see a kobold brigand (ally target), 2 kobolds and a friendly quasit
(summoned).

Vanquished Creatures
  2 orc priests (D:2)
  Terence (D:1)
  Natasha (thrice) (D:2)
  2 orc wizards
  4 river rats
  8 adders
  3 worms
  A dart slug (D:1)
  An orc (D:1)
  3 ball pythons
  An endoplasm (D:2)
  5 goblins
  4 hobgoblins
  3 jackals
  3 kobolds
  A quokka (D:1)
  A bat (D:2)
  3 frilled lizards
  5 rats
54 creatures vanquished.

Vanquished Creatures (others)
  64 foxfires
64 creatures vanquished.

Grand Total: 118 creatures vanquished

Notes
Turn   | Place    | Note
-------+----------+-------------------------------------------
     0 | D:1      | Bruhh the Demonspawn Fire Elementalist began the quest for
                  | the Orb.
     0 | D:1      | Reached XP level 1. HP: 13/13 MP: 3/3
   373 | D:1      | Found a faded altar of an unknown god.
   385 | D:1      | Gained mutation: You are surrounded by a mild repulsion
                  | field. (EV +2) [demonic ancestry]
   385 | D:1      | Reached XP level 2. HP: 18/19 MP: 0/5
   613 | D:1      | Found Moxerphy's Book Shoppe.
   861 | D:1      | You fall into a shaft and drop 1 floor!
   945 | D:2      | Identified the +1 mace "Xyegefu" {elec, rPois rF+ Str+4}
   981 | D:2      | Noticed Terence
  1028 | D:1      | Reached XP level 3. HP: 7/24 MP: 6/6
  1340 | D:1      | Learned a level 2 spell: Scorch
  1591 | D:2      | Noticed Natasha
  1602 | D:1      | Killed Terence
  1983 | D:2      | Reached XP level 4. HP: 30/30 MP: 2/8
  2365 | D:2      | Reached XP level 5. HP: 35/35 MP: 3/11
  2796 | D:2      | HP: 1/35 [Natasha (5)]
  2797 | D:2      | Killed Natasha
  3166 | D:2      | Noticed Natasha
  3171 | D:2      | Killed Natasha
  3209 | D:2      | Noticed Natasha
  3213 | D:2      | Killed Natasha
  3214 | D:2      | Gained mutation: A weak demonic guardian rushes to your
                  | aid. [demonic ancestry]
  3214 | D:2      | Reached XP level 6. HP: 36/41 MP: 7/12
  3661 | D:3      | Found a glowing drain.
  3734 | Sewer    | Entered a sewer
  4003 | Sewer    | Slain by a kobold brigand

Illustrated notes

Levels and vault maps discovered:
D:1:      dpeg_arrival_arbitrary_b, layout_rooms, basic_ecumenical_altar,
          serial_shops, nicolae_shop_behind_doors
D:2:      layout_rooms, nrook_mini_backslash, kennysheep_generic_room_12,
          uniq_terence, uniq_natasha
D:3:      layout_loops_ring, lightli_sewer_entry_pipes, minmay_bisected
Sewer:    sewer_kobolds

Skill      XL: |  1  2  3  4  5  6 |
---------------+-------------------+-----
Fire Magic     | 3 4 |  4.8
Spellcasting   | 3 4 |  4.0
Conjurations   | 2 3 |  3.0
Dodging        | |  1.7
Stealth        | |  1.7

Action                   |  1- 3 |  4- 6 || total
-------------------------+-------+-------++-------
Melee: Unarmed           |     9 |       ||     9
       Mace              |    10 |    43 ||    53
 Cast: Foxfire           |    34 |       ||    34
       Scorch            |    10 |    37 ||    47
  Use: Potion            |     1 |     1 ||     2
 Stab: Sleeping          |     1 |     2 ||     3
Armor: Robe              |     4 |     8 ||    12
Dodge: Dodged            |    29 |    52 ||    81

Table legend: (Time is in decaauts)
 A = Elapsed time spent in this place.
 B = Non-inter-level travel time spent in this place.
 C = Inter-level travel time spent in this place.
 D = Time resting spent in this place.
 E = Time spent auto-exploring this place.
 F = Levels seen in this place.
 G = Mean time per level.
                   A        B        C        D        E       F      G
               +--------+--------+--------+--------+--------+-----+--------+
         Total |   4086 |   3978 |    108 |   1425 |   1983 |   4 | 1021.5 |
       Dungeon |   3790 |   3682 |    108 |   1425 |   1734 |   3 | 1263.3 |
         Sewer |    295 |    295 |      0 |      0 |    249 |   1 |  295.0 |
               +--------+--------+--------+--------+--------+-----+--------+

Top non-repeatable levels by time:
     D:1: 2344 daAuts
     D:2: 990 daAuts
     D:3: 454 daAuts
   Sewer: 295 daAuts
